[Event "Titled Tuesday Blitz August 16 Late 2022"]
[White "Bortnyk, Olexandr"]
[Black "Pakleza, Zbigniew"]
[WhiteFideId "14120828"]
[BlackFideId "1119290"]
[WhiteElo "2723"]
[BlackElo "2411"]
[Result "0-1"]
[Round "03"]
[TimeControl "180+1"]
[Date "2022.08.16"]
[WhiteClock "0:00:07"]
[BlackClock "0:00:05"]

1. e4 d6 2. d4 Nf6 3. Nc3 c6 4. g3 b5 5. Bg2 e5 6. dxe5 dxe5 7. Qxd8+ Kxd8 8. f4 Nbd7 9. Nf3 Bc5 10. fxe5 Ng4 11. Bg5+ Ke8 12. h3 Ngxe5 13. O-O-O f6 14. Bf4 Nxf3 15. Bxf3 Ne5 16. Be2 Be6 17. g4 h6 18. Rhe1 Ke7 19. Kb1 Rad8 20. Bd3 g5 21. Bxe5 fxe5 22. Be2 Rxd1+ 23. Nxd1 Rf8 24. Rf1 Rf4 25. Bd3 Kf6 26. b3 h5 27. gxh5 Bxh3 28. Rh1 Rh4 29. Be2 Bg2 30. Re1 g4 31. a4 a6 32. axb5 axb5 33. Nb2 Kg5 34. Nd3 Bd4 35. Rc1 Bxe4 36. c3 Rh2 37. cxd4 Rxe2 38. dxe5 Bxd3+ 39. Ka1 Rxe5 40. Rxc6 g3 41. Rc8 Kxh5 42. Rh8+ Kg4 43. Kb2 g2 44. Rg8+ Rg5 45. Rd8 g1=Q 46. Ka3 Qc5+ 47. Kb2 Qc2+ 48. Ka3 Qc1+ 49. Kb4 Qc5+ 0-1


[Site "https://www.chess.com"]

[Event "Titled Tuesday Blitz August 16 Late 2022"]
[White "Boruchovsky, Avital"]
[Black "Grischuk, Alexander"]
[WhiteFideId "2800055"]
[BlackFideId "4126025"]
[WhiteElo "2466"]
[BlackElo "2762"]
[Result "0-1"]
[Round "03"]
[TimeControl "180+1"]
[Date "2022.08.16"]
[WhiteClock "0:00:06"]
[BlackClock "0:00:10"]

1. e4 c5 2. Nf3 Nc6 3. Bb5 e6 4. O-O Nge7 5. Re1 a6 6. Bf1 d5 7. exd5 Nxd5 8. d4 Nf6 9. Be3 cxd4 10. Nxd4 Bd7 11. Nc3 Be7 12. Qf3 O-O 13. Rad1 Qc7 14. Qg3 Qxg3 15. hxg3 Rac8 16. a3 Ne5 17. Bf4 Ng6 18. Bg5 h6 19. Bxf6 Bxf6 20. Ne4 Be7 21. Nb3 Bc6 22. Nd6 Rcd8 23. Nc4 b5 24. Nba5 Rxd1 25. Rxd1 Be4 26. Ne3 Ne5 27. c4 b4 28. axb4 Bxb4 29. Nb3 a5 30. f4 Nc6 31. Bd3 Bxd3 32. Rxd3 a4 33. Nd2 Rb8 34. Ne4 f5 35. Nd6 Bc5 36. Nb5 Na5 37. Kf1 Bxe3 38. Rxe3 Nxc4 39. Rc3 Nd2+ 40. Ke2 Rxb5 41. Kxd2 Rxb2+ 42. Ke3 Rxg2 43. Kf3 Rb2 44. Rc8+ Kf7 45. Ra8 Ra2 46. Ra6 a3 47. g4 fxg4+ 48. Kxg4 Ra1 49. Kf3 a2 50. Kg2 g5 51. fxg5 hxg5 52. Ra3 e5 53. Ra5 e4 54. Ra3 e3 55. Rxe3 Rb1 56. Rf3+ Kg6 57. Ra3 a1=Q 0-1


[Site "https://www.chess.com"]

[Event "Titled Tuesday Blitz August 16 Late 2022"]
[White "Buchenau, Frank"]
[Black "Jeet, Jain"]
[WhiteFideId "4604350"]
[BlackFideId "5073022"]
[WhiteElo "2157"]
[BlackElo "2055"]
[Result "0-1"]
[Round "03"]
[TimeControl "180+1"]
[Date "2022.08.18"]
[WhiteClock "0:00:00"]
[BlackClock "0:00:00"]

1. e4 e5 2. Bc4 Nf6 3. d3 c6 4. Nf3 d5 5. Bb3 Bd6 6. Nc3 d4 7. Ne2 h6 8. c3 c5 9. O-O Nc6 10. Ng3 Be6 11. Nh4 g6 12. Nf3 Qd7 13. Bd2 g5 14. Bxe6 fxe6 15. Rb1 g4 16. Nh4 Qg7 17. f3 h5 18. Qb3 Nd8 19. Qa4+ Nd7 20. b4 Be7 21. Nhf5 exf5 22. Nxf5 Qg6 23. bxc5 Rg8 24. Rf2 gxf3 25. g3 Bxc5 26. cxd4 Bxd4 27. Nxd4 exd4 28. Qxd4 Qf6 29. e5 Nxe5 30. Re1 Nc6 31. Qd5 Rg7 32. d4 Re7 33. dxe5 Rxe5 34. Rxf3 Rxe1+ 35. Bxe1 Qd4+ 36. Qxd4 Nxd4 37. Rd3 Rd8 38. Kf2 Ne6 39. Rxd8+ Kxd8 40. Kf3 Ke7 41. Ke4 Kf6 42. Bc3+ Kg6 43. Ke5 Ng5 44. Kd6 Ne4+ 45. Kc7 Nxc3 46. Kxb7 Nxa2 47. Kxa7 Kg5 48. Kb6 Kg4 49. Kc5 Kh3 50. Kd4 Kxh2 51. Ke4 Kxg3 0-1


[Site "https://www.chess.com"]

[Event "Titled Tuesday Blitz August 16 Late 2022"]
[White "Burke, Paul"]
[Black "Hoffmann, Asa"]
[WhiteFideId "2605767"]
[BlackFideId "2001470"]
[WhiteElo "1918"]
[BlackElo "2117"]
[Result "0-1"]
[Round "03"]
[TimeControl "180+1"]
[Date "2022.08.18"]
[WhiteClock "0:00:00"]
[BlackClock "0:00:00"]

1. e4 d6 2. Nc3 Nf6 3. g3 c6 4. Bg2 e5 5. Nge2 Be7 6. h3 O-O 7. O-O b5 8. a3 a6 9. d4 Qc7 10. dxe5 dxe5 11. f4 Nbd7 12. fxe5 Nxe5 13. Bf4 Bd6 14. Nd4 Re8 15. Bxe5 Bxe5 16. Nf3 Bxc3 17. bxc3 Nxe4 18. Nd4 Qxg3 19. Qh5 g6 20. Qh6 Qg5 21. Qxg5 Nxg5 22. Bxc6 Bxh3 23. Rf2 Ne4 24. Rh2 Ng5 25. Bxa8 Rxa8 26. Re1 Rc8 27. Re3 Bg4 28. Rg2 h5 29. Rgg3 Kg7 30. Re7 Rc5 31. Ra7 Re5 32. Rxa6 Re1+ 33. Kf2 Rd1 34. Nxb5 Ne4+ 35. Kg2 Rd2+ 36. Kf1 Nxg3+ 37. Ke1 Re2+ 38. Kd1 Re6+ 0-1


[Site "https://www.chess.com"]

[Event "Titled Tuesday Blitz August 16 Late 2022"]
[White "Capp, Stephen"]
[Black "Postnikov, Daniil"]
[WhiteFideId "2027089"]
[BlackFideId "4166329"]
[WhiteElo "1920"]
[BlackElo "2360"]
[Result "0-1"]
[Round "03"]
[TimeControl "180+1"]
[Date "2022.08.18"]
[WhiteClock "0:00:00"]
[BlackClock "0:00:00"]

1. e4 e6 2. d4 d5 3. e5 c5 4. c3 Nc6 5. Nf3 Qb6 6. Bd3 cxd4 7. cxd4 Bd7 8. O-O Nxd4 9. Nxd4 Qxd4 10. Qe2 Ne7 11. Kh1 Nc6 12. f4 Bc5 13. Nc3 a6 14. a3 Ba7 15. Bd2 O-O 16. Rf3 Qb6 17. b4 g6 18. f5 Nd4 19. Qe3 Nxf3 20. Qh6 gxf5 21. gxf3 f6 22. Ne2 Rf7 23. exf6 Kh8 24. Rg1 Rg8 25. Bg5 Qf2 26. Qh5 Be8 27. Be3 Bxe3 28. Rxg8+ Kxg8 0-1


[Site "https://www.chess.com"]

[Event "Titled Tuesday Blitz August 16 Late 2022"]
[White "Chigaev, Maksim"]
[Black "Zou, Chen"]
[WhiteFideId "4108116"]
[BlackFideId "8610959"]
[WhiteElo "2487"]
[BlackElo "2276"]
[Result "0-1"]
[Round "03"]
[TimeControl "180+1"]
[Date "2022.08.16"]
[WhiteClock "0:00:03"]
[BlackClock "0:00:09"]

1. e4 e5 2. Nf3 Nc6 3. Nc3 Nf6 4. Bb5 Nd4 5. O-O c6 6. Bc4 Nxf3+ 7. Qxf3 d6 8. a4 Be7 9. d3 O-O 10. a5 Be6 11. h3 Qd7 12. Bg5 h6 13. Bxf6 Bxf6 14. Bxe6 Qxe6 15. Qg4 Qe7 16. g3 b5 17. h4 a6 18. Nd1 Kh7 19. Ne3 g6 20. Kg2 h5 21. Qf3 Qe6 22. Rfd1 Bg7 23. c4 Rfb8 24. Rac1 Rc8 25. Rc2 Bh6 26. Rdc1 Bxe3 27. Qxe3 c5 28. cxb5 axb5 29. b4 cxb4 30. Rxc8 Rxc8 31. a6 Rxc1 32. Qxc1 Qa2 33. Qc6 b3 34. Qxb5 b2 35. a7 b1=Q 36. Qxb1 Qxb1 37. a8=Q Qxd3 38. Qb7 Kg7 39. Kg1 Qd1+ 40. Kg2 Qd4 41. Qc6 Qc5 42. Qb7 Kf6 43. Qa8 Kg7 44. Qb7 Qc4 45. Kg1 Qe6 46. Kg2 Qf6 47. Qd5 Qd8 48. Qc6 Kf8 49. Qd5 Qe7 50. Qa8+ Kg7 51. Qc6 f6 52. Qd5 Kf8 53. Qa8+ Kg7 54. Qd5 g5 55. Qd1 Kh6 56. Qd2 Qe6 57. Qc1 Kg6 58. f3 Qa2+ 59. Kg1 Qe2 60. Qc3 g4 61. fxg4 hxg4 62. Qb3 Qe1+ 63. Kg2 Qe2+ 64. Kg1 Kg7 65. Qb7+ Kh6 66. Qf7 Qe3+ 67. Kg2 Qxe4+ 68. Kg1 Qe3+ 69. Kg2 Qf3+ 70. Kg1 Qxg3+ 0-1


[Site "https://www.chess.com"]

[Event "Titled Tuesday Blitz August 16 Late 2022"]
[White "Coelho, Ramyres Santana"]
[Black "Ozates, Tuna"]
[WhiteFideId "2120690"]
[BlackFideId "6354521"]
[WhiteElo "1888"]
[BlackElo "1887"]
[Result "0-1"]
[Round "03"]
[TimeControl "180+1"]
[Date "2022.08.18"]
[WhiteClock "0:00:00"]
[BlackClock "0:00:00"]

1. e4 c5 2. Nf3 Nc6 3. d4 cxd4 4. c3 d3 5. Bxd3 g6 6. O-O Bg7 7. Qe2 d6 8. h3 Nf6 9. Rd1 Nd7 10. b4 O-O 11. b5 Nce5 12. Nxe5 Nxe5 13. Bc2 Be6 14. f4 Bc4 15. Qf2 Nd7 16. a4 a6 17. bxa6 Bxa6 18. Qf3 Qc7 19. Bb2 Rfc8 20. Bd3 Bxd3 21. Rxd3 Nc5 22. Re3 Nxa4 23. Bc1 Ra6 24. f5 Nxc3 25. Rxa6 Nxb1 26. Re1 bxa6 27. fxg6 hxg6 28. Rf1 e6 29. Bf4 Nc3 30. Bxd6 Qd7 31. Bg3 a5 32. Kh1 a4 33. Be1 a3 34. Bxc3 Bxc3 35. Rd1 Qxd1+ 36. Qxd1 a2 37. Qd7 a1=Q+ 38. Kh2 Be5+ 39. g3 Rc2+ 0-1


[Site "https://www.chess.com"]

[Event "Titled Tuesday Blitz August 16 Late 2022"]
[White "Csonka, Balazs"]
[Black "Paravyan, David"]
[WhiteFideId "742910"]
[BlackFideId "4194985"]
[WhiteElo "2404"]
[BlackElo "2569"]
[Result "0-1"]
[Round "03"]
[TimeControl "180+1"]
[Date "2022.08.16"]
[WhiteClock "0:00:04"]
[BlackClock "0:00:21"]

1. d4 Nf6 2. c4 g6 3. g3 Bg7 4. Bg2 d5 5. cxd5 Nxd5 6. Nf3 O-O 7. O-O Nc6 8. e3 e5 9. Nxe5 Nxe5 10. dxe5 c6 11. f4 Qb6 12. Qd4 Nb4 13. Na3 Be6 14. b3 Rfd8 15. Qxb6 axb6 16. Nc4 Bf8 17. Bb2 b5 18. Nd6 Bxd6 19. exd6 Rxd6 20. Rfd1 Rxd1+ 21. Rxd1 f5 22. a3 Nd5 23. Bxd5 Bxd5 24. b4 Kf7 25. Kf2 Ke6 26. Rd2 h6 27. h4 b6 28. Rd1 c5 29. Rc1 Bc4 30. Rd1 Ra4 31. bxc5 bxc5 32. Rc1 Kd5 33. Rd1+ Kc6 34. Rc1 Ra8 35. Rd1 b4 36. axb4 Ra2 37. Rd2 cxb4 38. Ke1 Kb5 39. Bg7 Ra3 40. Bxh6 Rxe3+ 41. Kf2 Re7 42. Bf8 Rf7 43. Bd6 b3 44. Be5 Ra7 45. Rd8 Ra2+ 46. Ke3 Re2+ 47. Kf3 Rc2 48. Rb8+ Kc6 49. Rc8+ Kd7 50. Rb8 Ke6 51. Ke3 Kd5 52. Rd8+ Kc6 53. Rc8+ Kb7 54. Rb8+ Ka7 55. Rb4 Ka6 56. Rb8 Bb5 57. Bd4 b2 58. Bxb2 Rxb2 59. Kd4 Rb3 60. Kc5 Rc3+ 61. Kb4 Rc4+ 62. Kb3 Rc6 63. Kb4 Be2 64. Rg8 Bh5 65. Rg7 Kb6 66. Rg8 Re6 67. Rd8 Re4+ 68. Kc3 Re3+ 69. Rd3 Rxd3+ 70. Kxd3 Kc5 0-1


[Site "https://www.chess.com"]

[Event "Titled Tuesday Blitz August 16 Late 2022"]
[White "Curtis, John"]
[Black "Zivkovic, Nemanja"]
[WhiteFideId "3200256"]
[BlackFideId "942154"]
[WhiteElo "2203"]
[BlackElo "2372"]
[Result "0-1"]
[Round "03"]
[TimeControl "180+1"]
[Date "2022.08.16"]
[WhiteClock "0:00:28"]
[BlackClock "0:00:14"]

1. e4 c5 2. Nf3 d6 3. d4 cxd4 4. Nxd4 Nf6 5. Nc3 a6 6. Bg5 Nbd7 7. Bc4 Qa5 8. Bh4 Nxe4 9. Qf3 Ndf6 10. Bxf6 Nxf6 11. O-O Qc5 12. Qd3 b5 13. Bb3 e6 14. Rae1 Be7 15. Kh1 O-O 16. f4 Bb7 17. Nxe6 fxe6 18. Rxe6 d5 19. Rfe1 Bd6 20. Rxf6 gxf6 21. Nxd5 Kh8 22. Qf5 Bxd5 23. Bxd5 Rad8 24. c4 bxc4 25. g3 Qf2 26. Rb1 Bc5 27. Be4 Rf7 28. Bg2 Rd2 29. Qc8+ Rf8 30. Qh3 Re2 31. Rf1 Re1 32. Rxe1 Qxe1+ 33. Bf1 Qf2 34. Qg2 Rd8 35. Qxf2 Bxf2 36. Kg2 Bd4 37. Kf3 Bxb2 38. Bxc4 Ba3 39. Be6 Bc5 40. Bc4 Rd4 41. Bxa6 Ra4 42. Bc4 Rxc4 43. Kg4 Kg7 44. Kf5 Rc2 45. Ke6 Rxh2 46. Kd5 Rxa2 47. Kxc5 Rg2 48. g4 Rxg4 49. f5 Rg5 50. Kd4 Rxf5 51. Ke4 Rg5 0-1


[Site "https://www.chess.com"]

[Event "Titled Tuesday Blitz August 16 Late 2022"]
[White "D`Arruda, Ricardo D."]
[Black "Romanchuk, Viktor"]
[WhiteFideId "100692"]
[BlackFideId "14109271"]
[WhiteElo "2271"]
[BlackElo "2242"]
[Result "0-1"]
[Round "03"]
[TimeControl "180+1"]
[Date "2022.08.18"]
[WhiteClock "0:00:00"]
[BlackClock "0:00:00"]

1. d4 d5 2. Nf3 Nf6 3. c4 c6 4. Nc3 e6 5. e3 Nbd7 6. Bd3 Be7 7. O-O O-O 8. e4 dxe4 9. Nxe4 c5 10. Nxc5 Nxc5 11. dxc5 Bxc5 12. Bg5 b6 13. Qe2 Bb7 14. Rad1 Qc7 15. Bxf6 gxf6 16. Be4 Rfd8 17. h3 Kg7 18. a3 a5 19. Bxb7 Qxb7 20. Rd3 Rac8 21. Rfd1 Qc7 22. Qe4 Be7 23. Rxd8 Rxd8 24. Rxd8 Qxd8 25. Qg4+ Kf8 26. Qh5 Kg7 27. Qg4+ Kf8 28. Qh5 Qd1+ 29. Kh2 Bd6+ 30. g3 Qe2 31. Kg2 Bc5 32. Qh6+ Ke7 33. Qd2 Qxc4 34. h4 Qe4 35. Qc3 Qe2 36. Qd2 Qxd2 37. Nxd2 Kd6 38. Kf3 Kd5 39. Ne4 Be7 40. Ke3 Kc4 41. Nd2+ Kd5 42. Kd3 f5 43. a4 Bc5 44. Ke2 h6 45. b3 Kd4 46. Nf3+ Kc3 47. Ne5 f6 48. Nd7 Kxb3 49. Nxf6 Kxa4 50. Ng8 Bf8 0-1


[Site "https://www.chess.com"]

[Event "Titled Tuesday Blitz August 16 Late 2022"]
[White "Danielyan, Vahe"]
[Black "Van Dael, Siem"]
[WhiteFideId "13304828"]
[BlackFideId "1049771"]
[WhiteElo "2421"]
[BlackElo "2110"]
[Result "1/2-1/2"]
[Round "03"]
[TimeControl "180+1"]
[Date "2022.08.18"]
[WhiteClock "0:00:00"]
[BlackClock "0:00:00"]

1. e4 c5 2. Nc3 d6 3. d4 cxd4 4. Qxd4 Nc6 5. Qd2 g6 6. b3 Bh6 7. f4 Nf6 8. Bb2 O-O 9. O-O-O a5 10. a4 Nb4 11. Nf3 Bg4 12. Kb1 Rc8 13. Bc4 Bxf3 14. gxf3 e5 15. Qxd6 Bxf4 16. Nb5 Qxd6 17. Rxd6 Kg7 18. Rb6 g5 19. Nd6 Rc7 20. Nf5+ Kg6 21. h4 g4 22. fxg4 Nc6 23. h5+ Kg5 24. Bd3 h6 25. Ba3 Re8 26. Nh4 Nxg4 27. Nf3+ Kf6 28. Bd6 Rd7 29. Bc5 Re6 30. Bc4 Re8 31. Bd5 Rc8 32. c4 Ne3 33. Bxe3 Bxe3 34. Rf1 Bxb6 35. Nh4+ Ke7 36. Rxf7+ Kd8 37. Rf6 Re7 38. Nf5 Re8 39. Nd6 Rc7 40. Nxb7+ Rxb7 41. Bxc6 Ree7 42. Bxb7 Rxb7 43. Rxh6 Be3 44. Rh8+ Kc7 45. h6 Rxb3+ 46. Kc2 Rb6 47. h7 Rh6 48. Kd3 Bd4 49. Ke2 Rh3 50. Kf1 Rh2 51. Ke1 Kb7 52. Kf1 Kc7 53. Ke1 Kb7 54. Kd1 Kc7 55. Kc1 Kb7 56. Kd1 Kc7 57. Ke1 1/2-1/2


[Site "https://www.chess.com"]

[Event "Titled Tuesday Blitz August 16 Late 2022"]
[White "Diem, Thomas"]
[Black "Bringas Gomez, Artai"]
[WhiteFideId "30937841"]
[BlackFideId "24534064"]
[WhiteElo "1998"]
[BlackElo "2039"]
[Result "0-1"]
[Round "03"]
[TimeControl "180+1"]
[Date "2022.08.18"]
[WhiteClock "0:00:00"]
[BlackClock "0:00:00"]

1. c4 b6 2. Nf3 Bb7 3. e3 g6 4. Nc3 Bg7 5. Qc2 e6 6. Be2 Ne7 7. O-O O-O 8. b3 d6 9. Bb2 Nd7 10. d4 a6 11. a4 a5 12. Rad1 h6 13. Ne4 Kh7 14. Ng3 f5 15. h4 Nf6 16. Bd3 Bxf3 17. gxf3 d5 18. Ba3 Rf7 19. Ne2 Neg8 20. Nf4 Qd7 21. h5 gxh5 22. Nxe6 Ne4 23. fxe4 Qxe6 24. exf5 Qf6 25. cxd5 Qg5+ 26. Kh1 Qh4+ 27. Kg2 Qg4+ 28. Kh2 Qh4+ 29. Kg2 Bf6 30. Rg1 Ne7 31. Kf1 Nxd5 32. Be4 Rd8 33. Qc6 Qxe4 0-1


[Site "https://www.chess.com"]

[Event "Titled Tuesday Blitz August 16 Late 2022"]
[White "Dilanyan, Grigor"]
[Black "Batsiashvili, Nino"]
[WhiteFideId "13303570"]
[BlackFideId "13602993"]
[WhiteElo "2247"]
[BlackElo "2466"]
[Result "1-0"]
[Round "03"]
[TimeControl "180+1"]
[Date "2022.08.18"]
[WhiteClock "0:00:00"]
[BlackClock "0:00:00"]

1. d4 f5 2. Bg5 g6 3. h4 Bg7 4. h5 Nh6 5. hxg6 hxg6 6. Nf3 Nc6 7. Nc3 d6 8. Qd2 Nf7 9. Rxh8+ Bxh8 10. Bh4 Kf8 11. O-O-O Qe8 12. e4 e5 13. dxe5 Ncxe5 14. Nxe5 Qxe5 15. Bc4 Be6 16. f4 Qxc3 17. bxc3 Bxc4 18. exf5 gxf5 19. g4 Re8 20. Re1 Re4 21. gxf5 d5 22. Rxe4 dxe4 23. Qg2 e3 24. f6 e2 25. Qe4 Nd6 26. Qe7+ Kg8 27. Kd2 a5 28. Qd8+ Kh7 29. Qxc7+ Kg6 30. Qxd6 1-0


[Site "https://www.chess.com"]

[Event "Titled Tuesday Blitz August 16 Late 2022"]
[White "Djordjevic, Vuk"]
[Black "Nakamura, Hikaru"]
[WhiteFideId "902098"]
[BlackFideId "2016192"]
[WhiteElo "2456"]
[BlackElo "2850"]
[Result "0-1"]
[Round "03"]
[TimeControl "180+1"]
[Date "2022.08.16"]
[WhiteClock "0:00:02"]
[BlackClock "0:00:27"]

1. d4 f5 2. Nf3 Nf6 3. g3 g6 4. Bg2 Bg7 5. c4 O-O 6. O-O d6 7. b4 Nc6 8. b5 Na5 9. Qc2 c6 10. bxc6 bxc6 11. Nbd2 Kh8 12. Ba3 Be6 13. c5 d5 14. Ne5 Ng4 15. Bb2 Nxe5 16. dxe5 f4 17. gxf4 Rxf4 18. e3 Rg4 19. h3 Rh4 20. f4 Bxh3 21. Bxh3 Rxh3 22. Kg2 Rxe3 23. Nf3 Nc4 24. Rae1 Qf8 25. Bc1 Rxe1 26. Rxe1 e6 27. Qf2 Qf7 28. Rh1 Qf5 29. Nd4 Qe4+ 30. Nf3 g5 31. Kg1 gxf4 32. Ng5 Qg6 33. Rxh7+ Kg8 34. Qf3 Qxg5+ 0-1


[Site "https://www.chess.com"]

[Event "Titled Tuesday Blitz August 16 Late 2022"]
[White "Do Nascimento,Christian Almeida"]
[Black "Sanchez, Robert"]
[WhiteFideId "2143801"]
[BlackFideId "2034360"]
[WhiteElo "2112"]
[BlackElo "1966"]
[Result "1-0"]
[Round "03"]
[TimeControl "180+1"]
[Date "2022.08.18"]
[WhiteClock "0:00:00"]
[BlackClock "0:00:00"]

1. e4 e6 2. d4 d5 3. Nc3 Nf6 4. Bg5 Be7 5. e5 Nfd7 6. h4 h6 7. Qh5 a6 8. O-O-O c5 9. dxc5 Nxc5 10. Nf3 Bd7 11. Kb1 Nc6 12. Bd3 Nxd3 13. Rxd3 b5 14. Rhd1 Rc8 15. Nxd5 exd5 16. Rxd5 Rc7 17. e6 O-O 18. Rxd7 Rxd7 19. Rxd7 Qe8 20. Bxe7 Nxe7 21. exf7+ Rxf7 22. Ne5 g6 23. Qg4 Rxf2 24. Qe6+ Kh8 25. b3 1-0


[Site "https://www.chess.com"]

[Event "Titled Tuesday Blitz August 16 Late 2022"]
[White "Ferreira, Vitor Hugo Vieira"]
[Black "Zeynalov, Farid"]
[WhiteFideId "2119765"]
[BlackFideId "13402250"]
[WhiteElo "2168"]
[BlackElo "2278"]
[Result "1-0"]
[Round "03"]
[TimeControl "180+1"]
[Date "2022.08.18"]
[WhiteClock "0:00:00"]
[BlackClock "0:00:00"]

1. d4 Nf6 2. c4 g6 3. Nc3 Bg7 4. e4 d6 5. f3 O-O 6. Be3 Nc6 7. Nge2 a6 8. Qd2 Rb8 9. Nd5 Bd7 10. Nec3 Ne8 11. O-O-O e6 12. Nf4 e5 13. dxe5 Nxe5 14. h4 b5 15. cxb5 axb5 16. h5 Nc4 17. Bxc4 bxc4 18. hxg6 hxg6 19. Nfd5 c6 20. Bg5 f6 21. Bh6 cxd5 22. Bxg7 Nxg7 23. Qh6 Kf7 24. Nxd5 Rh8 25. Qf4 Rxh1 26. Rxh1 Be6 27. Nc3 Qb6 28. Qd2 Qc5 29. Rd1 Rd8 30. Ne2 c3 31. Qxc3 Qf2 32. Nd4 Rc8 33. Nc6 Qb6 34. Rxd6 Kg8 35. Ne7+ Kf7 36. Nxc8 Qg1+ 37. Rd1 Qf2 38. Nd6+ Ke7 39. Qc7+ Bd7 40. Nc8+ Kf8 41. Qd8+ Be8 42. Qxf6+ Kg8 43. Ne7+ Kh7 44. Rh1+ Nh5 45. g4 Qg2 46. Qh4 Qxf3 47. gxh5 Qe3+ 48. Kb1 g5 49. Qe1 Qd4 50. Nf5 Qe5 51. Rg1 Bc6 52. Ng3 Qf4 53. Rf1 Qe5 54. Rf7+ Kg8 55. Qf2 Qe8 56. Rf6 Ba4 57. Rg6+ Kh7 58. Qf6 Qd7 59. Rh6+ Kg8 60. Rh8# 1-0


[Site "https://www.chess.com"]

[Event "Titled Tuesday Blitz August 16 Late 2022"]
[White "Fier, Alexandr"]
[Black "Salem, A.R. Saleh"]
[WhiteFideId "2107139"]
[BlackFideId "9301348"]
[WhiteElo "2598"]
[BlackElo "2674"]
[Result "1-0"]
[Round "03"]
[TimeControl "180+1"]
[Date "2022.08.16"]
[WhiteClock "0:00:16"]
[BlackClock "0:00:03"]

1. d4 d5 2. c4 e6 3. Nc3 Nf6 4. cxd5 exd5 5. Bg5 c6 6. e3 h6 7. Bh4 Be7 8. Bd3 O-O 9. h3 Re8 10. Nf3 Ne4 11. Bxe7 Qxe7 12. Bxe4 dxe4 13. Nd2 Bf5 14. Qb3 Na6 15. O-O Nb4 16. Ne2 Be6 17. Qa3 a5 18. Ng3 Qh4 19. Qc3 Bxa2 20. b3 Ra6 21. Qb2 a4 22. Rxa2 Nxa2 23. Qxa2 a3 24. Qc2 Qg5 25. Ndxe4 Qg6 26. Ra1 h5 27. h4 Kh8 28. Ra2 Kg8 29. Nc3 Qg4 30. Nf5 Qg6 31. e4 b5 32. b4 Qe6 33. Ne3 Qf6 34. d5 Qxh4 35. dxc6 Rc8 36. Nf5 Qf6 37. Nd5 Qe6 38. Nfe7+ Kh7 39. Nxc8 Rxc6 40. Qd1 Qe5 41. Nce7 Rc4 42. Rxa3 g6 43. Rf3 f6 44. Nxf6+ Kg7 45. Ne8+ Kh6 46. Qd2+ g5 47. Rf6+ Kh7 48. Rf7+ Kh8 49. Ng6+ 1-0


[Site "https://www.chess.com"]

[Event "Titled Tuesday Blitz August 16 Late 2022"]
[White "Filgueira, Hernan"]
[Black "Ghaem Maghami, Ehsan"]
[WhiteFideId "101770"]
[BlackFideId "12500739"]
[WhiteElo "2363"]
[BlackElo "2593"]
[Result "1-0"]
[Round "03"]
[TimeControl "180+1"]
[Date "2022.08.16"]
[WhiteClock "0:00:22"]
[BlackClock "0:00:13"]

1. Nf3 c5 2. g3 Nc6 3. Bg2 g6 4. O-O Bg7 5. c4 e6 6. d3 Nge7 7. Nc3 d6 8. Bg5 h6 9. Bd2 O-O 10. a3 b6 11. Rb1 Bb7 12. b4 Qd7 13. e3 Rad8 14. Qe2 g5 15. h4 g4 16. Nh2 f5 17. Rfd1 h5 18. Be1 Ng6 19. f4 gxf3 20. Bxf3 Nce5 21. Bxb7 Qxb7 22. Qxh5 Ne7 23. Qe2 Rf6 24. Qg2 Qd7 25. Ne2 Bh6 26. Nf4 N5c6 27. Bc3 e5 28. Nd5 Nxd5 29. Qxd5+ Kh7 30. Kh1 Rg8 31. Qf3 Ne7 32. bxc5 bxc5 33. Rb7 Qe6 34. Qd5 Qxd5+ 35. cxd5 Rf7 36. Nf1 Kg6 37. Rd7 f4 38. Rxd6+ Kh7 39. Bxe5 Nf5 40. Rxh6+ Nxh6 41. Bxf4 Ng4 42. Kg2 Nf6 43. e4 Nxe4 44. dxe4 Rxf4 45. e5 Rd4 46. Rxd4 cxd4 47. Nd2 Kg6 48. Kf3 Kf5 49. Nc4 d3 50. e6 d2 51. Ke2 Rd8 52. e7 d1=Q+ 53. Kxd1 1-0


[Site "https://www.chess.com"]

[Event "Titled Tuesday Blitz August 16 Late 2022"]
[White "Fus, Jakub"]
[Black "Ibarra Jerez, Jose Carlos"]
[WhiteFideId "1193023"]
[BlackFideId "2226332"]
[WhiteElo "2220"]
[BlackElo "2628"]
[Result "1/2-1/2"]
[Round "03"]
[TimeControl "180+1"]
[Date "2022.08.16"]
[WhiteClock "0:00:13"]
[BlackClock "0:00:05"]

1. e4 c5 2. Nf3 Nf6 3. e5 Nd5 4. Nc3 e6 5. Nxd5 exd5 6. d4 Nc6 7. dxc5 Bxc5 8. Qxd5 d6 9. exd6 Qb6 10. Qe4+ Be6 11. Qh4 Bxd6 12. c3 Be7 13. Qa4 Bc5 14. Qh4 f6 15. Be2 O-O-O 16. O-O g5 17. Qa4 g4 18. Nd2 Ne5 19. Ne4 Bd7 20. Qb3 Rhg8 21. Qxb6 Bxb6 22. Nxf6 Rg6 23. Nxd7 Rxd7 24. Bf4 Nf3+ 25. Bxf3 gxf3 26. Bg3 fxg2 27. Kxg2 Rd2 28. Rab1 h5 29. h4 a5 30. b4 Rxa2 31. c4 a4 32. Ra1 Rc2 33. Rxa4 Rxc4 34. Rd1 Rxg3+ 35. fxg3 Rc2+ 36. Kh3 Rc3 37. b5 Bf2 38. Rdd4 Bxd4 39. Rxd4 Rc5 40. b6 Rb5 41. Rd6 Re5 42. Kg2 Rb5 43. Kf3 Rb3+ 44. Kf4 Rb4+ 45. Kg5 Rg4+ 46. Kxh5 Rxg3 47. Kh6 Rg4 48. h5 Rg1 49. Kh7 Rg5 50. h6 Rg1 51. Kh8 Rh1 52. h7 Rg1 53. Rf6 Kd7 54. Rf7+ Kc6 55. Rg7 Rh1 56. Kg8 Kxb6 57. Rg6+ Kc5 58. Kg7 Rxh7+ 59. Kxh7 b5 60. Rg5+ Kc4 61. Kg6 b4 62. Kf5 b3 63. Ke4 b2 64. Rg1 Kc3 65. Kd5 Kc2 66. Kc4 b1=Q 67. Rxb1 Kxb1 1/2-1/2


[Site "https://www.chess.com"]

[Event "Titled Tuesday Blitz August 16 Late 2022"]
[White "Gheorghiu, Calin"]
[Black "Rytenko, Vsevolod"]
[WhiteFideId "1200305"]
[BlackFideId "14133040"]
[WhiteElo "2168"]
[BlackElo "2120"]
[Result "0-1"]
[Round "03"]
[TimeControl "180+1"]
[Date "2022.08.18"]
[WhiteClock "0:00:00"]
[BlackClock "0:00:00"]

1. d4 Nf6 2. Nc3 d5 3. Bf4 g6 4. e3 Bg7 5. Nb5 Na6 6. h3 O-O 7. Nf3 c6 8. Nc3 c5 9. Bxa6 bxa6 10. Ne5 Qb6 11. O-O cxd4 12. exd4 e6 13. Na4 Qb5 14. c3 Nd7 15. Nxd7 Bxd7 16. Nc5 Rfc8 17. Qd2 Be8 18. a4 Qc6 19. b4 Qb6 20. Bh6 Bh8 21. Rfe1 a5 22. b5 Rxc5 23. dxc5 Qxc5 24. Re3 Rc8 25. Qe2 Bxc3 26. Rc1 d4 27. Rf3 Qh5 28. Bd2 a6 29. g4 Qd5 30. Bxc3 dxc3 31. Rfxc3 Rxc3 32. Rxc3 axb5 33. axb5 Bxb5 34. Rc8+ Kg7 35. Qb2+ e5 36. Rc2 f6 37. Rd2 Qc4 38. Rd1 Bc6 39. Qc1 Qe4 40. Kf1 Qh1+ 41. Ke2 Bf3+ 42. Kd2 Qxd1+ 43. Qxd1 Bxd1 44. Kxd1 f5 45. gxf5 gxf5 0-1


[Site "https://www.chess.com"]

[Event "Titled Tuesday Blitz August 16 Late 2022"]
[White "Goldin, Alexander"]
[Black "Petrovic, Aleksa"]
[WhiteFideId "2019540"]
[BlackFideId "967629"]
[WhiteElo "2542"]
[BlackElo "2262"]
[Result "1-0"]
[Round "03"]
[TimeControl "180+1"]
[Date "2022.08.18"]
[WhiteClock "0:00:00"]
[BlackClock "0:00:00"]

1. Nf3 Nf6 2. d4 e6 3. c4 b6 4. a3 d5 5. Nc3 Bb7 6. Bg5 Nbd7 7. cxd5 exd5 8. e3 Be7 9. Bd3 O-O 10. O-O h6 11. Bf4 a6 12. b4 Ne4 13. Qb3 g5 14. Nxd5 Ndf6 15. Nxe7+ Qxe7 16. Be5 g4 17. Bxf6 Nxf6 18. Ne5 c5 19. bxc5 bxc5 20. Rab1 Bd5 21. Qd1 cxd4 22. Nxg4 dxe3 23. Nxh6+ Kh8 24. Nf5 exf2+ 25. Rxf2 Qe5 26. Qd2 Ng4 27. Rf4 Rg8 28. Rxg4 Rxg4 29. Qh6+ Kg8 30. Ne7+ Qxe7 31. Bh7+ Kh8 32. Bg6+ 1-0


[Site "https://www.chess.com"]